 Dungeon Crawl Stone Soup version 0.25-a0-565-g8875c97ebb (webtiles) character file.

Game seed: 2622434060235345550, levelgen mode: deterministic

53823 Flugslaktarn the Severer (level 14, 0/142 HPs)
             Began as a Deep Dwarf Fighter on Feb 26, 2020.
             Was the Champion of Makhleb.
             Slain by a shock serpent (9 damage)
             ... on level 1 of the Snake Pit.
             The game lasted 00:10:48 (11314 turns).

Flugslaktarn the Severer (Deep Dwarf Fighter)      Turns: 11314, Time: 00:10:48

Health: 0/142      AC: 19    Str: 28    XL:     14   Next: 32%
Magic:  1/1        EV:  3    Int: 13    God:    Makhleb [******]
Gold:   1437       SH: 10    Dex: 12    Spells: 13/13 levels left

rFire    + . .     SeeInvis .   f - +1 war axe (elec)
rCold    + . .     Gourm    .   c - +0 kite shield
rNeg     + . .     Faith    +   B - +0 chain mail {rC+}
rPois    +         Spirit   .   u - +1 helmet
rElec    .         Reflect  .   H - scarf {cloud immunity}
rCorr    .         Harm     .   x - +2 pair of gloves
MR       ++...                  I - +0 pair of boots
Stlth    ..........             E - amulet of faith
HPRegen  0.00/turn              v - ring "Ziorghew" {rF+ Str+4 Int+3}
MPRegen  0.07/turn              o - ring of poison resistance

@: lethally poisoned (0 -> 0), non-regenerating, hasted, constricted, very quick
A: damage resistance, heal wounds, negative energy resistance 1, sense
surroundings 2, no regeneration
a: Heal Wounds, Minor Destruction, Lesser Servant of Makhleb, Major Destruction,
Greater Servant of Makhleb, Renounce Religion


You were on level 1 of the Snake Pit.
You worshipped Makhleb.
Makhleb was exalted by your worship.
You were not hungry.

You visited 4 branches of the dungeon, and saw 19 of its levels.
You visited the Abyss 1 time.

You collected 1437 gold pieces.

Inventory:

Hand Weapons
 a - a +1 war axe
 d - a +1 long sword of distortion
   (You took it off Maggie on level 7 of the Dungeon)
 f - a +1 war axe of electrocution (weapon)
   (You took it off a vault guard on level 14 of the Dungeon)
 i - the +4 hand axe of Wirof {protect, *Noise rF+ MR++ SInv}
   (You found it on level 5 of the Dungeon)

   It grants its wielder temporary protection when it strikes (+7 to AC).
   It protects you from fire.
   It affects your resistance to hostile enchantments.
   It lets you see invisible.
   It may make noises in combat.
 Q - a +3 battleaxe
   (You took it off a death knight on level 15 of the Dungeon)
Missiles
 j - 3 throwing nets (quivered)
Armour
 c - a +0 kite shield (worn)
 u - a +1 helmet (worn)
   (You found it on level 6 of the Dungeon)
 x - a +2 pair of gloves (worn)
   (You found it on level 6 of the Dungeon)
 B - a +0 chain mail of cold resistance (worn)
   (You took it off Harold on level 8 of the Dungeon)
 H - a scarf of cloud immunity (worn)
   (You found it on level 10 of the Dungeon)
 I - a +0 pair of boots (worn)
   (You found it on level 2 of the Lair of Beasts)
Jewellery
 k - an uncursed ring of resist corrosion
   (You found it on level 7 of the Dungeon)
 n - a cursed ring of attention {unknown}
   (You found it on level 1 of the Snake Pit)
 o - a ring of poison resistance (right hand)
   (You found it on level 14 of the Dungeon)
 v - the ring "Ziorghew" (left hand) {rF+ Str+4 Int+3}
   (You found it on level 1 of the Lair of Beasts)

   [ring of protection from fire]

   It affects your strength (+4).
   It affects your intelligence (+3).
   It protects you from fire.
 E - an amulet of faith (around neck)
   (You found it on level 15 of the Dungeon)
Wands
 D - a wand of clouds (7)
   (You found it on level 10 of the Dungeon)
 L - a wand of enslavement (7)
   (You found it on level 13 of the Dungeon)
 M - a wand of paralysis (8)
   (You found it on level 2 of the Lair of Beasts)
Scrolls
 g - 6 scrolls of enchant weapon
 m - 3 scrolls of fog
 s - a scroll of immolation
 t - 5 scrolls of teleportation
 z - 3 scrolls of blinking
 A - 4 scrolls of magic mapping
 F - 6 scrolls of remove curse
 G - 2 scrolls of fear
 K - a scroll of holy word
 P - a scroll of vulnerability
Potions
 b - a potion of cancellation
 l - a potion of mutation
 p - 4 potions of lignification
 q - 5 potions of curing
 C - 2 potions of magic
 J - 3 potions of flight
Comestibles
 e - 25 rations
 r - 13 chunks of flesh


   Skills:
 * Level 13.7 Fighting
 * Level 15.7 Axes
 + Level 11.9 Armour
 - Level 3.2 Shields
 + Level 12.1 Invocations


You had 13 spell levels left.
You didn't know any spells.
Your spell library was empty.

Dungeon Overview and Level Annotations

Branches:
Dungeon (15/15)            Temple (1/1) D:7            Lair (2/6) D:8
  Snake (1/4) Lair:2          Orc (0/2) D:11         Vaults (0/5) D:14
 Depths (0/5) D:15
  Swamp: Lair:2-4    Shoals: Lair:2-4

Altars:
Ashenzari
Cheibriados
Dithmenos
Elyvilon
Fedhas
Gozag
Hepliaklqana
Kikubaaqudgha
Makhleb
Nemelex Xobeh
Okawaru
Qazlal
Sif Muna
Trog
Uskayaw
Vehumet
Wu Jian
Xom
Yredelemnul
Zin
The Shining One

Shops:
D:4 =   D:7 }   D:8 =(=

Annotations:
D:6 exclusion: door
D:13 2 transporters
Lair:1 2 transporters, Betogralu's ghost, novice DEAE


Innate Abilities, Weirdness & Mutations

You are resistant to damage.
You can heal yourself by infusing magical energy.
You resist negative energy. (rN+)
You passively map the area around you.
You do not regenerate.


Message History

The shock serpent is moderately wounded.
You slash the naga!
The shock serpent's electric aura discharges, shocking you!
You hit the guardian serpent but do no damage.
You closely miss the naga. The shock serpent bites you.
* * * LOW HITPOINT WARNING * * *
The shock serpent shocks you!
* * * LOW HITPOINT WARNING * * *
The salamander hits you from afar with a +3 glaive of venom!
* * * LOW HITPOINT WARNING * * *
You are engulfed in flames.
You resist.
* * * LOW HITPOINT WARNING * * *
You block the guardian serpent's attack.
You closely miss the shock serpent.
The shock serpent is moderately wounded.
You slash the naga! You closely miss the guardian serpent.
You slash the naga warrior! The shock serpent bites you!
* * * LOW HITPOINT WARNING * * *
The shock serpent shocks you!
You die...

, , ,, , ,, , , ,
, ,.......** , ,>
+, , * ,
,,....... , * *
....... , * ,, ,*
, .....).* ** * *
, ....... #######
,, , * * ......N
#.....# , , ,,
......S##.....#*,
,, ,
.....NN@N.....# ,
# ,, ,
......S##.....#*
, # , * .......
#.....# , # ,
#######*#.....#*
, , # * * #.....#
, # #.....# # , ,
#.....#* *** * #
,, , #.....#*
,,,## , , ,,
#.....# , +.


You could see a naga warrior, a salamander, a shock serpent, a guardian serpent
and 2 nagas.

Vanquished Creatures
  A fire dragon (D:15)
  3 vault guards (D:14)
  2 naga warriors (Snake:1)
  Harold (D:8)
  An ice dragon (D:15)
  2 centaur warriors
  A death knight (D:15)
  2 two-headed ogres
  An anaconda (Snake:1)
  5 tengu warriors
  A naga sharpshooter (Snake:1)
  Nergalle (D:10)
  3 unseen horrors
  A wizard (D:13)
  2 phantasmal warriors (D:15)
  An orc knight (D:15)
  9 ugly things (D:14)
  A manticore (D:13)
  2 orc sorcerers (D:15)
  2 deep elf magi
  4 harpies (D:13)
  A cyclops (D:11)
  4 centaur zombies
  3 salamanders (Snake:1)
  A black mamba (Snake:1)
  Joseph (D:10)
  A naga mage (Snake:1)
  3 spiny frogs (Lair:1)
  Maggie (D:7)
  2 komodo dragons
  3 gargoyles
  An efreet (D:14)
  3 yaktaurs (D:13)
  2 tengu conjurers
  5 trolls
  A queen bee (D:9)
  A hornet (D:9)
  9 slime creatures
  2 hippogriffs
  2 starcursed masses (Abyss:2)
  Sigmund (D:5)
  2 wraiths
  A spriggan (D:8)
  2 shadows
  A wyvern (D:8)
  9 humans (D:14)
  23 yaks
  A basilisk (Lair:1)
  A fire elemental (Lair:2)
  A steam dragon (D:10)
  5 vampire mosquitoes
  11 nagas
  2 soldier ants
  Edmund (D:4)
  2 water moccasins (Lair:2)
  2 ice beasts
  7 orc warriors
  4 sky beasts
  An eye of draining (D:15)
  A necrophage (D:14)
  2 phantoms (D:10)
  6 ogres
  6 centaurs
  4 crocodiles
  A big kobold (D:9)
  A wyvern zombie (D:7)
  2 gnoll sergeants
  18 bullfrogs
  3 scorpions
  A water moccasin skeleton (D:8)
  22 killer bees
  4 wights (D:15)
  7 howler monkeys
  A bullfrog zombie (D:10)
  6 crimson imps
  9 hounds
  4 jellies
  A quasit (D:12)
  7 orc priests
  8 orc wizards
  3 centaur skeletons
  3 iguanas
  12 worker ants
  3 worker ant zombies
  7 adders
  11 gnolls
  A howler monkey skeleton (D:6)
  4 shadow imps
  2 adder skeletons
  2 worms
  A dart slug (D:1)
  5 leopard geckos
  22 orcs
  A ball python (D:4)
  A bat (D:3)
  4 giant cockroaches
  7 goblins
  6 hobgoblins
  5 jackals
  2 quokkas
  5 frilled lizards
  11 kobolds
  4 quokka skeletons
  A quokka zombie (D:5)
  2 rats
  A fungus (Lair:2)
409 creatures vanquished.

Vanquished Creatures (collateral kills)
  2 hydras
  A gargoyle (D:14)
  A centaur skeleton (D:14)
  A hippogriff (D:12)
  A yak (D:12)
  A plant (Lair:1)
7 creatures vanquished.

Vanquished Creatures (others)
  2 fire vortices (Lair:2)
2 creatures vanquished.

Grand Total: 418 creatures vanquished

Notes
Turn   | Place    | Note
-------+----------+-------------------------------------------
     0 | D:1      | Flugslaktarn the Deep Dwarf Fighter began the quest for the
                  | Orb.
     0 | D:1      | Reached XP level 1. HP: 20/20 MP: 1/1
    68 | D:1      | Reached XP level 2. HP: 22/27 MP: 2/2
   482 | D:3      | Reached XP level 3. HP: 34/34 MP: 3/3
   486 | D:3      | Reached skill level 3 in Axes
   552 | D:4      | Reached XP level 4. HP: 37/42 MP: 4/4
   584 | D:4      | Reached skill level 4 in Axes
   584 | D:4      | Reached XP level 5. HP: 36/50 MP: 5/5
   653 | D:4      | Noticed an ogre
   660 | D:4      | Killed an ogre
   660 | D:4      | Reached XP level 6. HP: 26/58 MP: 6/6
   671 | D:4      | Found Wonoypp's Jewellery Emporium.
   776 | D:4      | Reached skill level 5 in Axes
   832 | D:4      | Noticed Edmund
   857 | D:4      | Killed Edmund
   857 | D:4      | Reached skill level 5 in Fighting
   857 | D:4      | Reached XP level 7. HP: 21/67 MP: 5/5
  1024 | D:4      | Found an iron altar of Okawaru.
  1063 | D:5      | Entered Level 5 of the Dungeon
  1094 | D:5      | Reached skill level 5 in Armour
  1101 | D:5      | Got a bloodstained hand axe
  1102 | D:5      | Identified the +4 hand axe of Wirof {protect, *Noise rF+
                  | MR++ SInv} (You found it on level 5 of the Dungeon)
  1133 | D:5      | Noticed Sigmund
  1161 | D:5      | Killed Sigmund
  1161 | D:5      | Reached skill level 6 in Axes
  1304 | D:5      | Reached XP level 8. HP: 44/76 MP: 3/3
  1677 | D:5      | Reached skill level 7 in Axes
  1732 | D:5      | Found a shadowy altar of Dithmenos.
  1977 | D:6      | Found an ancient bone altar of Kikubaaqudgha.
  2079 | D:6      | Found a shimmering blue altar of Sif Muna.
  2355 | D:7      | Found a staircase to the Ecumenical Temple.
  2371 | Temple   | Entered the Ecumenical Temple
  2442 | Temple   | Became a worshipper of Makhleb the Destroyer
  2498 | D:7      | Reached skill level 8 in Axes
  2498 | D:7      | Reached skill level 1 in Invocations
  2506 | D:7      | Found a sparkling altar of Nemelex Xobeh.
  2549 | D:7      | Gained mutation: You passively map the area around you.
                  | [Deep Dwarf growth]
  2549 | D:7      | Reached XP level 9. HP: 71/86 MP: 4/4
  2555 | D:7      | Noticed Maggie
  2562 | D:7      | Cast into level 1 of the Abyss (Maggie)
  2575 | Abyss:2  | Noticed a starcursed mass
  2580 | Abyss:2  | Paralysed by accursed screaming for 2 turns
  2597 | Abyss:2  | Killed a starcursed mass
  2598 | Abyss:2  | Killed a starcursed mass
  2598 | Abyss:2  | Reached skill level 9 in Axes
  2600 | D:7      | Escaped the Abyss
  2611 | D:7      | Killed Maggie
  2673 | D:7      | Reached * piety under Makhleb
  2959 | D:7      | Found Keixtefi's Gadget Boutique.
  3185 | D:8      | Found Niussoytz's Jewellery Boutique.
  3191 | D:8      | Noticed Harold
  3225 | D:8      | Killed Harold
  3225 | D:8      | Reached skill level 10 in Axes
  3225 | D:8      | Reached skill level 5 in Invocations
  3225 | D:8      | Reached XP level 10. HP: 40/98 MP: 7/7
  3368 | D:8      | Found Zainit's Jewellery Shop.
  3384 | D:8      | Found a blossoming altar of Fedhas.
  3416 | D:8      | Found Itsigi's Antique Weapon Boutique.
  3421 | D:8      | Found a staircase to the Lair.
  3692 | D:9      | Paralysed by a hornet for 3 turns
  3703 | D:9      | Reached ** piety under Makhleb
  3843 | Lair:1   | Entered Level 1 of the Lair of Beasts
  3856 | Lair:1   | Noticed a spiny frog
  3862 | Lair:1   | Noticed a spiny frog
  3889 | Lair:1   | Killed a spiny frog
  3891 | Lair:1   | Killed a spiny frog
  3892 | Lair:1   | Noticed a spiny frog
  3910 | Lair:1   | Killed a spiny frog
  3910 | Lair:1   | Reached skill level 11 in Axes
  3953 | Lair:1   | Found a transporter.
  3956 | Lair:1   | Noticed a black mamba
  3958 | Lair:1   | Found a transporter.
  3959 | Lair:1   | Noticed Betogralu's ghost (novice DEAE)
  3960 | Lair:1   | Noticed a black mamba
  4001 | Lair:1   | Got a flickering lapis lazuli ring
  4046 | Lair:1   | Identified the ring "Ziorghew" {rF+ Str+4 Int+3} (You found
                  | it on level 1 of the Lair of Beasts)
  4239 | D:9      | HP: 1/100 [slime creature (7)]
  4310 | D:9      | Reached XP level 11. HP: 81/108 MP: 4/4
  4373 | D:9      | Reached skill level 10 in Fighting
  4583 | D:9      | Reached *** piety under Makhleb
  4791 | D:10     | Entered Level 10 of the Dungeon
  4864 | D:10     | Noticed Nergalle
  4889 | D:10     | Killed Nergalle
  4962 | D:10     | Reached skill level 12 in Axes
  5049 | D:10     | Reached **** piety under Makhleb
  5161 | D:10     | Noticed Joseph
  5173 | D:10     | Killed Joseph
  5631 | D:11     | Noticed an unseen horror
  5658 | D:11     | Killed an unseen horror
  5793 | D:11     | Found a staircase to the Orcish Mines.
  5796 | D:11     | Noticed a two-headed ogre
  5812 | D:11     | Killed a two-headed ogre
  5812 | D:11     | Reached XP level 12. HP: 120/120 MP: 6/6
  6284 | D:12     | Reached ***** piety under Makhleb
  6294 | D:12     | Noticed a six-headed hydra
  6298 | D:12     | Reached skill level 13 in Axes
  6324 | D:12     | Killed a 14-headed hydra
  6324 | D:12     | Reached skill level 10 in Armour
  7152 | D:12     | Identified a scroll of acquirement
  7155 | D:12     | Identified the +0 buckler of Disappointment {rF+ MR+} (You
                  | acquired it on level 12 of the Dungeon)
  7274 | D:13     | Found a transporter.
  7296 | D:13     | Found a transporter.
  7446 | D:13     | Noticed a tengu warrior
  7447 | D:13     | Noticed a tengu warrior
  7449 | D:13     | Noticed a tengu warrior
  7453 | D:13     | Noticed a tengu warrior
  7502 | D:13     | Killed a tengu warrior
  7523 | D:13     | Killed a tengu warrior
  7523 | D:13     | Reached skill level 10 in Invocations
  7532 | D:13     | Killed a tengu warrior
  7567 | D:13     | Killed a tengu warrior
  7572 | D:13     | Noticed a centaur warrior
  7584 | D:13     | Killed a centaur warrior
  7603 | D:13     | Reached skill level 14 in Axes
  7627 | D:13     | Reached XP level 13. HP: 129/129 MP: 4/4
  8722 | D:14     | Found a gate to the Vaults.
  8860 | D:14     | Reached skill level 15 in Axes
  9206 | D:15     | Entered Level 15 of the Dungeon
  9464 | D:15     | Noticed a fire dragon
  9487 | D:15     | Killed a fire dragon
  9491 | D:15     | Found a staircase to the Depths.
  9530 | D:15     | Found a shimmering altar of Xom.
  9757 | D:15     | Found a radiant altar of Vehumet.
  9818 | D:15     | Gained mutation: You resist negative energy. (rN+) [Deep
                  | Dwarf growth]
  9818 | D:15     | Reached XP level 14. HP: 98/141 MP: 2/2
  9936 | D:15     | Paralysed by an orc sorcerer for 7 turns
 10440 | Lair:2   | Found a staircase to the Snake Pit.
 11035 | Snake:1  | Entered Level 1 of the Snake Pit
 11101 | Snake:1  | Reached ****** piety under Makhleb
 11314 | Snake:1  | Slain by a shock serpent

Levels and vault maps discovered:
D:1:      lightli_arrival_noodles, layout_basic, minmay_pentomino_o4
D:2:      layout_loops_corners, first_ration, minmay_misc_feat_ornament,
          minmay_fractal_squares_5
D:3:      cheibrodos_greedy_goblins, layout_loops_corners
D:4:      layout_cave_pools, serial_shops, shop, okawaru_ov_weapons_minmay,
          uniq_edmund
D:5:      layout_basic, basic_altar, minmay_a_box_with_orc_wizards_in_it,
          uniq_sigmund
D:6:      layout_rooms, basic_altar, led_sif_book
D:7:      layout_cave_pools, overflow_temple_1_default,
          minmay_temple_entry_glass, serial_shops, kennysheep_little_box,
          uniq_maggie
D:8:      layout_basic, lair_entry_dummy, serial_shops, shop,
          nicolae_shop_crystal, nicolae_shop_temple_entry_statues_fountains,
          basic_altar, grunt_pizzeria, uniq_harold
D:9:      layout_rooms, minivault_7
D:10:     layout_roguey, uniq_nergalle, uniq_joseph
D:11:     layout_roguey, orc_0_dummy, serial_bayou_pond_e
D:12:     layout_basic, patterned_corridor
D:13:     gammafunk_wand_slinger, layout_gridville, hangedman_aviary
D:14:     layout_stronghold, ximxim_vaults_locker_room
D:15:     grunt_enter_depths_hoard, layout_grid_maze, lemuel_altar_in_water,
          basic_altar, hangedman_abyss_or_decor_jellyfish_corner
Temple:   regret_index_temple_sigil_plot
Lair:1:   layout_misc_corridors, gammafunk_ghost_arena, serial_bayou_shore_a
Lair:2:   layout_gridlike, guppyfry_snake_entry_island, lemuel_fruit_fields
Snake:1:  layout_grid_maze

Skill      XL: |  1  2  3  4  5  6  7  8  9 10 11 12 13 14 |
---------------+-------------------------------------------+-----
Fighting       | 3 4 5 6 7 8 9 11 12 13 | 13.7
Axes           | 3 4 5 6 8 10 11 12 14 15 | 15.7
Armour         | 4 5 6 7 8 9 10 11 | 11.9
Invocations    | 2 5 6 8 10 11 12 | 12.1
Shields        | |  3.2

Action                   |  1- 3 |  4- 6 |  7- 9 | 10-12 | 13-15 || total
-------------------------+-------+-------+-------+-------+-------++-------
Melee: War axe           |    82 |    99 |     4 |       |   342 ||   527
       Hand axe          |       |       |   317 |  1029 |    15 ||  1361
       Battleaxe         |       |       |       |     5 |   190 ||   195
Invok: Lesser Servant of |       |       |       |     2 |     1 ||     3
 Abil: Heal Wounds       |     1 |     7 |    12 |    41 |    29 ||    90
Evoke: Wand              |       |       |       |       |     1 ||     1
  Use: Scroll            |       |       |     6 |    17 |     3 ||    26
       Potion            |       |       |     4 |     2 |     9 ||    15
 Stab: Invisible         |       |       |       |     7 |     3 ||    10
       Distracted        |       |       |       |     1 |       ||     1
       Confused          |       |       |       |       |     2 ||     2
       Sleeping          |       |       |       |       |     1 ||     1
  Eat: Chunk             |       |       |     8 |    14 |     4 ||    26
       Ration            |       |       |       |     1 |     2 ||     3
Armor: Scale mail        |    39 |    36 |    18 |       |       ||    93
       Chain mail        |       |       |   107 |   801 |   334 ||  1242
       Skin              |       |       |       |     1 |       ||     1
Dodge: Dodged            |    29 |    27 |    56 |   305 |   164 ||   581
Block: Kite shield       |    42 |    30 |   112 |   600 |   168 ||   952

Table legend:
 A = Non-vault XP
 B = Vault XP
 C = Vault XP percentage of total XP
 D = Non-vault monster count
 E = Vault monster count
 F = Vault count percentage of total count
                 A         B        C        D         E       F
            +---------+---------+-------+---------+---------+-------
      Total |   58785 |   18106 |  23.5 |     350 |      64 |  15.5
            +---------+---------+-------+---------+---------+-------
        D:1 |      13 |       8 |  38.1 |       9 |       4 |  30.8
        D:2 |       4 |       0 |   0.0 |       3 |       0 |   0.0
        D:3 |      28 |      12 |  30.0 |       9 |       6 |  40.0
        D:4 |     526 |     157 |  23.0 |      21 |       1 |   4.5
        D:5 |     736 |     341 |  31.7 |      10 |       4 |  28.6
        D:6 |     363 |       0 |   0.0 |      14 |       0 |   0.0
        D:7 |    1026 |     395 |  27.8 |      23 |       1 |   4.2
        D:8 |     899 |    1181 |  56.8 |      12 |       2 |  14.3
        D:9 |    3523 |    1356 |  27.8 |      34 |      18 |  34.6
       D:10 |    4279 |    1219 |  22.2 |      39 |       2 |   4.9
       D:11 |    5419 |       0 |   0.0 |      36 |       0 |   0.0
       D:12 |    4341 |       0 |   0.0 |      27 |       0 |   0.0
       D:13 |    5707 |    5982 |  51.2 |      21 |       8 |  27.6
       D:14 |   11819 |    4808 |  28.9 |      26 |      12 |  31.6
       D:15 |    7898 |    1986 |  20.1 |      31 |       2 |   6.1
     Lair:1 |    1958 |       0 |   0.0 |       7 |       0 |   0.0
     Lair:2 |    1734 |     661 |  27.6 |      10 |       4 |  28.6
    Snake:1 |    7234 |       0 |   0.0 |      16 |       0 |   0.0
    Abyss:2 |    1278 |       0 |   0.0 |       2 |       0 |   0.0
            +---------+---------+-------+---------+---------+-------
